 Dungeon Crawl Stone Soup version 0.32-a0-572-g3e1049bc92 (webtiles) character file.

Game seed: 5257704060067025664

3780 vknvnfl the Fighter (level 9, -4/82 HPs)
             Began as a Minotaur Fighter on Mar 1, 2024.
             Was a Follower of Okawaru.
             Slain by a basilisk (5 damage)
             ... while petrified by a basilisk
             ... on level 8 of the Dungeon.
             The game lasted 00:12:40 (7414 turns).

vknvnfl the Fighter (Minotaur Fighter)              Turns: 7414, Time: 00:12:41

Health: -4/82      AC: 14    Str: 23    XL:     9   Next: 95%
Magic:  0/8        EV:  2    Int:  5    God:    Okawaru [*.....]
Gold:   404        SH:  0    Dex: 18    Spells: 8/8 levels left

rFire   . . .        w - +3 war axe (freeze)
rCold   . . .        i - +0 kite shield
rNeg    + + +        g - +1 chain mail
rPois   ∞            (helmet restricted)
rElec   .            (no cloak)
rCorr   .            (no gloves)
SInv    .            l - +1 pair of boots
Will    .....        r - amulet of guardian spirit Stlth
                     m - +6 ring of dexterity
HPRegen 0.33/turn    (no ring)
MPRegen 0.11/turn

%: clarity, guardian spirit
@: petrified, invisible
A: horns 2, retaliatory headbutt, clarity, subdued magic 1, MP-powered wands
a: Renounce Religion, Heroism


You were on level 8 of the Dungeon.
You worshipped Okawaru.
Okawaru was aware of your devotion.
You visited 2 branches of the dungeon, and saw 9 of its levels.

You collected 446 gold pieces.
You spent 42 gold pieces at shops.

Inventory:

Hand Weapons
 a - a +1 war axe
 w - a +3 war axe of freezing (weapon)
Armour
 g - a +1 chain mail (worn)
 i - a +0 kite shield (worn)
 l - a +1 pair of boots (worn)
Jewellery
 b - a ring of ice
 m - a +6 ring of dexterity (left hand)
 r - an amulet of guardian spirit (around neck)
Wands
 n - a wand of roots (9)
 t - a wand of flame (12)
 u - a wand of polymorph (9)
Scrolls
 c - 2 scrolls of teleportation
 j - a scroll of enchant armour
 k - a scroll of revelation
 o - a scroll of immolation
 v - a scroll of identify
Potions
 d - a potion of might
 e - 2 potions of curing
 h - 2 potions of ambrosia
 p - a potion of haste
 q - 3 potions of cancellation


   Skills:
 + Level 8.6 Fighting
 + Level 8.0 Axes
 + Level 8.4 Armour
 + Level 6.8 Dodging
 + Level 8.5 Shields


You had 8 spell levels left.
You didn't know any spells.
Your spell library contained the following spells:

 Spells                   Type           Power      Damage    Failure   Level
 Apportation              Tloc           0%         N/A       99%         1
 Foxfire                  Conj/Fire      0%         2x1d4     99%         1
 Magic Dart               Conj           0%         1d3       99%         1
 Blink                    Tloc           0%         N/A       100%        2
 Jinxbite                 Hex            0%         N/A       100%        2
 Sublimation of Blood     Necr           0%         N/A       100%        2
 Leda's Liquefaction      Alch/Erth      0%         N/A       100%        4
 Alistair's Intoxication  Alch           0%         N/A       100%        5
 Lee's Rapid Deconstruct  Erth           0%         3d4*      100%        5
 Bombard                  Conj/Erth      0%         9d1       100%        6
 Plasma Beam              Fire/Air       0%         2x1d10    100%        6
 Starburst                Conj/Fire      0%         6d3       100%        6
 Call Imp                 Summ           Unusable   N/A       N/A         2
 Summon Hydra             Summ           Unusable   N/A       N/A         7

Dungeon Overview and Level Annotations

Branches:
Dungeon (8/15)             Temple (1/1) D:7
   Lair: D:8-11

Altars:
Ashenzari
Cheibriados
Dithmenos
Elyvilon
Fedhas
Gozag
Hepliaklqana
Kikubaaqudgha
Makhleb
Nemelex Xobeh
Okawaru
Qazlal
Ru
Sif Muna
Trog
Uskayaw
Vehumet
Wu Jian
Xom
Yredelemnul
Zin
The Shining One

Shops:
D:1 !

Annotations:
D:6 3 runed translucent doors


Innate Abilities, Weirdness & Mutations

You have a pair of horns on your head.
You reflexively headbutt those who attack you in melee.
You possess an exceptional clarity of mind.
Your spells are a little easier to cast, but a little less powerful.
You expend magic power (3 MP) to strengthen your wands.


Message History

The iguana bites you but does no damage.
The yak gores you but does no damage. The basilisk gazes at you.
You resist with some effort.
You have turned to stone.
The iguana bites you but does no damage.
The yak gores you but does no damage. The iguana bites you.
The yak gores you but does no damage.
The iguana bites you but does no damage.
The basilisk is no longer moving slowly.
The yak gores you. The iguana bites you.
The iguana bites you but does no damage.
The iguana bites you. The yak gores you but does no damage.
The basilisk bites you but does no damage.
The yak gores you.
The iguana bites you but does no damage.
The iguana bites you.
The iguana bites you but does no damage.
The yak gores you! The basilisk bites you!
* * * LOW HITPOINT WARNING * * *
The yak gores you but does no damage.
The iguana bites you but does no damage.
The iguana bites you!
* * * LOW HITPOINT WARNING * * *
The iguana bites you but does no damage.
The yak gores you but does no damage.
The basilisk bites you but does no damage.
You feel like a meek peon again. The yak gores you!
* * * LOW HITPOINT WARNING * * *
The iguana bites you but does no damage. x3
The yak gores you!
* * * LOW HITPOINT WARNING * * *
The basilisk bites you!
* * * LOW HITPOINT WARNING * * *
The yak barely misses you. The iguana bites you.
The iguana bites you but does no damage. x2
The yak gores you.
* * * LOW HITPOINT WARNING * * *
The basilisk bites you!
You die...

#### ...# .....#....##
...# ..[........ ...#
..........# ...#
........
...#..............### ..
...#.........#..l...##..
...#.........#.llY......
...#.........#.l@l......
...#.........#.Y.Y......
...#.........#..........
####.........###....##..
.#........#'####....# #
.#........#.........#
.#........#......>..#
.#........#.†.......#
##........#.........#


You could see 3 yaks, a basilisk (unable to see you) and 4 iguanas.

Vanquished Creatures
  Sigmund (D:4)
  A steam dragon (D:8)
  Edmund (D:3)
  A water moccasin (D:7)
  6 black bears
  2 ice beasts
  2 ogres
  A centaur (D:8)
  2 phantoms
  2 bullfrogs
  2 scorpions (D:5)
  A gnoll sergeant (D:5)
  10 wights (D:7)
  11 killer bees (D:7)
  2 howler monkeys (D:4)
  2 orc priests
  A jelly (D:5)
  3 hounds
  2 orc wizards
  2 sleepcaps (D:4)
  An iguana (D:5)
  21 gnolls
  6 adders
  3 white imps
  2 ufetubi (D:6)
  3 ribbon worms
  2 dart slugs
  31 orcs
  8 ball pythons
  10 endoplasms
  4 giant cockroaches
  10 goblins
  7 hobgoblins
  15 jackals (D:4)
  10 kobolds
  4 quokkas
  7 bats
  7 frilled lizards
  4 rats (D:1)
210 creatures vanquished.

Notes
Turn   | Place    | Note
-------+----------+-------------------------------------------
     0 | D:1      | vknvnfl the Minotaur Fighter began the quest for the Orb.
     0 | D:1      | Reached XP level 1. HP: 19/19 MP: 0/0
   128 | D:1      | Gained mutation: You expend magic power (3 MP) to
                  | strengthen your wands. [potion of mutation]
   128 | D:1      | Gained mutation: Your spells are a little easier to cast,
                  | but a little less powerful. [potion of mutation]
   128 | D:1      | Gained mutation: You possess an exceptional clarity of
                  | mind. [potion of mutation]
   152 | D:1      | Reached XP level 2. HP: 27/27 MP: 1/1
   320 | D:1      | Found Binnyose's Distillery.
   326 | D:1      | Reached skill level 1 in Dodging
   387 | D:1      | Reached XP level 3. HP: 30/33 MP: 2/2
   723 | D:1      | Bought a potion of curing for 42 gold pieces
   996 | D:2      | Reached XP level 4. HP: 20/40 MP: 3/3
  1827 | D:3      | Found a hazy altar of Hepliaklqana.
  1911 | D:3      | Found a faded altar of an unknown god.
  2372 | D:4      | Noticed Sigmund
  2384 | D:4      | Reached XP level 5. HP: 44/47 MP: 4/4
  2389 | D:4      | Killed Sigmund
  2390 | D:4      | Reached skill level 5 in Fighting
  2390 | D:4      | Reached XP level 6. HP: 56/56 MP: 5/5
  2411 | D:4      | Reached skill level 5 in Armour
  2411 | D:4      | Reached skill level 5 in Shields
  2690 | D:4      | Reached XP level 7. HP: 55/61 MP: 6/6
  2883 | D:4      | Found a broken altar of Ashenzari.
  2888 | D:4      | Found a basalt altar of Yredelemnul.
  2888 | D:4      | Found an opulent altar of Gozag.
  2889 | D:4      | Found an ancient bone altar of Kikubaaqudgha.
  2889 | D:4      | Found a shimmering blue altar of Sif Muna.
  3001 | D:4      | Reached skill level 5 in Axes
  3147 | D:4      | Noticed Edmund
  3177 | D:3      | Killed Edmund
  3474 | D:4      | Reached XP level 8. HP: 70/70 MP: 7/7
  3684 | D:5      | Entered Level 5 of the Dungeon
  4082 | D:5      | Found a glowing silver altar of Zin.
  4249 | D:5      | Reached skill level 5 in Dodging
  4569 | D:6      | Identified the +7 rapier "Hellblazer" {flame, Str+3}
  4875 | D:6      | Noticed a rust devil
  4883 | D:6      | Noticed a rust devil
  4893 | D:6      | Reached XP level 9. HP: 79/79 MP: 8/8
  4928 | D:6      | Found a runed translucent gate.
  4928 | D:6      | Found a runed translucent gate.
  4929 | D:6      | Found a runed translucent gate.
  5923 | D:7      | Found a staircase to the Ecumenical Temple.
  5930 | Temple   | Entered the Ecumenical Temple
  5975 | Temple   | Became a worshipper of Warmaster Okawaru
  7041 | D:8      | Reached * piety under Okawaru
  7413 | D:8      | HP: 2/82 [basilisk (4)]
  7414 | D:8      | Slain by a basilisk

Illustrated notes

Levels and vault maps discovered:
D:1:      shiori_arrival_maze, layout_basic, serial_shops, shop,
          minmay_heptomino_w4
D:2:      layout_loops_ring, kennysheep_flooded_box
D:3:      layout_basic, mainiacjoe_overflow_brackets,
          hellmonk_ecumenical_altar_run_dry, chequers_serial_rivers_room_b,
          chequers_serial_rivers_micro_c, nrook_loot_triangle,
          chequers_serial_rivers_micro_b
D:4:      lemuel_castle_with_subvaults [lemuel_castle_interior_carwin_2],
          layout_gridville, grunt_temple_overflow_open, uniq_sigmund,
          uniq_edmund
D:5:      layout_cave_pods, lemuel_doored_altar
D:6:      cheibrodos_iron_armory, layout_basic
D:7:      layout_loops_ring, minmay_temple_entry_nine_rooms,
          serial_co_window_serial, co_window_corner_a,
          co_window_of_opportunity_a, co_window_of_opportunity_a,
          co_window_corner_a, co_window_corner_a, co_window_of_opportunity_a,
          co_window_paths_b, co_window_unsneaky_path_c, co_window_paths_c,
          co_window_corner_b, co_window_corner_b, glass_columns_c,
          glass_columns_c, glass_columns_a, glass_columns_b
D:8:      layout_gridville, dpeg_lair_monsters, minmay_guarded_unrand_finisher
Temple:   regret_index_temple_waves

Skill      XL: |  1  2  3  4  5  6  7  8  9 |
---------------+----------------------------+-----
Dodging        | 1 2 3 4 5 6 |  6.8
Fighting       | 4 5 6 7 8 |  8.6
Armour         | 4 5 6 7 8 |  8.4
Shields        | 4 5 6 7 8 |  8.5
Axes           | 3 4 5 6 8 |  8.0

Action                     |  1- 3 |  4- 6 |  7- 9 || total
---------------------------+-------+-------+-------++-------
  Melee: War axe           |    82 |   141 |   300 ||   523
         Headbutt          |     4 |    25 |    56 ||    85
 Invoke: Heroism           |       |       |     1 ||     1
    Use: Scroll            |     9 |     5 |     6 ||    20
         Potion            |     1 |       |     4 ||     5
   Stab: Invisible         |       |       |     1 ||     1
 Armour: Scale mail        |    22 |       |       ||    22
         Chain mail        |    46 |   110 |   318 ||   474
  Dodge: Dodged            |    27 |    54 |   138 ||   219
  Block: Buckler           |    18 |     1 |       ||    19
         Kite shield       |       |    85 |   215 ||   300

Table legend: (Time is in decaauts)
 A = Elapsed time spent in this place.
 B = Non-inter-level travel time spent in this place.
 C = Inter-level travel time spent in this place.
 D = Time resting spent in this place.
 E = Time spent auto-exploring this place.
 F = Levels seen in this place.
 G = Mean time per level.
                   A        B        C        D        E       F      G
               +--------+--------+--------+--------+--------+-----+--------+
         Total |   7604 |   7182 |    422 |    174 |   5457 |   9 |  844.9 |
       Dungeon |   7509 |   7180 |    329 |    174 |   5457 |   8 |  938.6 |
        Temple |     94 |      2 |     92 |      0 |      0 |   1 |   94.0 |
               +--------+--------+--------+--------+--------+-----+--------+

Top non-repeatable levels by time:
     D:7: 1552 daAuts
     D:3: 1163 daAuts
     D:4: 1041 daAuts
     D:5: 863 daAuts
     D:2: 856 daAuts
     D:6: 835 daAuts
     D:1: 752 daAuts
     D:8: 444 daAuts
  Temple: 94 daAuts
